 Dungeon Crawl Stone Soup version 0.31-a0-640-g39d97e502b (webtiles) character file.

Game seed: 8211032914886563776

249 avis the Chopper (level 6, 0/56 HPs)
             Began as a Hill Orc Monk on Aug 27, 2023.
             Was a Believer of Beogh.
             Slain by a black bear (7 damage)
             ... on level 4 of the Dungeon.
             The game lasted 00:12:44 (3339 turns).

avis the Chopper (Hill Orc Monk)                    Turns: 3339, Time: 00:12:45

Health: 0/56       AC:  9    Str: 16    XL:     6   Next: 12%
Magic:  6/6        EV:  7    Int: 10    God:    Beogh [**....]
Gold:   174        SH:  0    Dex: 13    Spells: 5/5 levels left

rFire   . . .        a - +0 hand axe
rCold   . . .        d - orb {light}
rNeg    . . .        s - +0 chain mail
rPois   .            (no helmet)
rElec   .            A - +0 cloak
rCorr   .            (no gloves)
SInv    .            (no boots)
Will    .....        p - amulet of magic regeneration Stlth
                     (no ring)
HPRegen 0.29/turn    (no ring)
MPRegen 0.50/turn

%: no passive effects
@: glowing
A: no striking features
a: Renounce Religion, Smiting


You were on level 4 of the Dungeon.
You worshipped Beogh.
Beogh was pleased with you.
You visited 1 branch of the dungeon, and saw 4 of its levels.

You collected 174 gold pieces.

Inventory:

Hand Weapons
 a - a +0 hand axe (weapon)
 b - a +1 rapier of speed
 v - a +0 spear
Missiles
 r - 34 stones
 C - 5 poisoned darts
 F - 3 boomerangs
Armour
 d - an orb of light (worn)
 e - a +0 chain mail
 m - an orb of mayhem
 s - a +0 chain mail (worn)
 A - a +0 cloak (worn)
Jewellery
 p - an amulet of magic regeneration (around neck)
 w - an amulet of magic regeneration
 H - a +6 ring of intelligence
Scrolls
 f - a scroll of acquirement {unknown}
 i - a scroll of enchant armour {unknown}
 j - a scroll of fog {unknown}
 n - a scroll of summoning {unknown}
 q - 3 scrolls of identify {unknown}
 t - a scroll of revelation {unknown}
 x - 3 scrolls of immolation {unknown}
 y - a scroll of torment {unknown}
 z - 2 scrolls of teleportation {unknown}
 G - a scroll of noise {unknown}
Potions
 c - a potion of ambrosia
 g - 2 potions of berserk rage {unknown}
 h - 3 potions of might {unknown}
 k - a potion of invisibility {unknown}
 l - 2 potions of curing {unknown}
 o - 2 potions of heal wounds {unknown}
 u - 3 potions of brilliance {unknown}
 B - a potion of attraction {unknown}
 D - a potion of lignification {unknown}
 E - a potion of mutation {unknown}


   Skills:
 - Level 5.0 Fighting
 * Level 7.9 Axes
 - Level 2.4 Dodging


You had 5 spell levels left.
You didn't know any spells.
Your spell library was empty.

Dungeon Overview and Level Annotations

Branches:
Dungeon (4/15)
 Temple: D:4-7

Altars:

Annotations:
D:3 Glass case


Message History

The black bear bites you but does no damage.
The black bear claws you but does no damage.
The black bear barely misses you.
You hit the black bear.
The black bear is severely wounded.
The black bear bites you.
The black bear claws you but does no damage.
The black bear claws you.
You hit the black bear.
The black bear is severely wounded.
The black bear bites you.
* * * LOW HITPOINT WARNING * * *
The black bear closely misses you. The black bear barely misses you.
You hit the black bear.
The black bear is almost dead.
The black bear barely misses you.
The black bear claws you but does no damage.
The black bear barely misses you.
You hit the black bear but do no damage.
The black bear is almost dead.
The black bear goes berserk!
You hit the black bear but do no damage.
The black bear is almost dead.
The black bear bites you but does no damage.
The black bear claws you.
* * * LOW HITPOINT WARNING * * *
The black bear barely misses you.
You hit the black bear.
The black bear is almost dead.
The black bear bites you.
* * * LOW HITPOINT WARNING * * *
The black bear claws you but does no damage. x2
The black bear completely misses you. The black bear claws you.
* * * LOW HITPOINT WARNING * * *
The black bear claws you.
* * * LOW HITPOINT WARNING * * *
You hit the black bear but do no damage.
The black bear is almost dead.
The black bear bites you!
You die...

##....##### ##....# #..#
#...#.# #..# #.....# ###
#..# #.....# #.. #..#
####..# #.# #..######
#..# #.# #........ #..#
#####.###....# #†.#
#.....)@h).#.# ###
#..####.###.####.#.#.....
#....................#
##.####.##.......###g#
#.###.####.########o#
#.......)..........g#
#####.......#######..
######### ####


You could see a black bear (berserk).

Vanquished Creatures
  A scorpion (D:4)
  A hound (D:2)
  2 adders
  5 gnolls
  3 worms
  6 dart slugs
  4 orcs
  6 ball pythons
  2 endoplasms (D:1)
  3 giant cockroaches
  9 goblins
  5 jackals
  2 quokkas (D:1)
  4 bats
  6 frilled lizards
  5 kobolds
  4 rats
68 creatures vanquished.

Vanquished Creatures (others)
  An orc priest (D:4)
1 creature vanquished.

Grand Total: 69 creatures vanquished

Notes
Turn   | Place    | Note
-------+----------+-------------------------------------------
     0 | D:1      | avis the Hill Orc Monk began the quest for the Orb.
     0 | D:1      | Reached XP level 1. HP: 19/19 MP: 1/1
    64 | D:1      | Reached XP level 2. HP: 27/27 MP: 2/2
   234 | D:1      | Reached skill level 5 in Axes
   285 | D:1      | Reached XP level 3. HP: 32/33 MP: 3/3
   820 | D:1      | Found a faded altar of an unknown god.
  1191 | D:2      | Reached XP level 4. HP: 41/41 MP: 4/4
  1263 | D:2      | Reached skill level 6 in Axes
  2490 | D:3      | Reached XP level 5. HP: 47/47 MP: 5/5
  2881 | D:4      | Reached skill level 5 in Fighting
  3183 | D:4      | Became a worshipper of Beogh the Brigand
  3183 | D:4      | Reached * piety under Beogh
  3183 | D:4      | Reached ** piety under Beogh
  3196 | D:4      | Reached skill level 7 in Axes
  3315 | D:4      | Noticed a black bear
  3320 | D:4      | Reached XP level 6. HP: 20/56 MP: 6/6
  3339 | D:4      | Slain by a black bear

Illustrated notes

Levels and vault maps discovered:
D:1:      lightli_molten_gateway, layout_loops_ring,
          chequers_ecumenical_altar_grove
D:2:      layout_loops_corners
D:3:      layout_loops_ring, due_unseen_surprise
D:4:      layout_loops_ring, nicolae_gozag_zags_fifth_avenue,
          uniq_crazy_yiuf_cottage

Skill      XL: |  1  2  3  4  5 |
---------------+----------------+-----
Fighting       | 4 5 |  5.0
Axes           | 5 6 7 |  7.9
Dodging        | |  2.4

Action                     |  1- 3 |  4- 6 || total
---------------------------+-------+-------++-------
  Melee: Hand axe          |    82 |    49 ||   131
         Rapier            |       |    80 ||    80
 Invoke: Convert to Beogh  |       |     1 ||     1
 Armour: Scale mail        |    24 |     6 ||    30
         Chain mail        |       |    56 ||    56
  Dodge: Dodged            |    36 |    49 ||    85

Table legend: (Time is in decaauts)
 A = Elapsed time spent in this place.
 B = Non-inter-level travel time spent in this place.
 C = Inter-level travel time spent in this place.
 D = Time resting spent in this place.
 E = Time spent auto-exploring this place.
 F = Levels seen in this place.
 G = Mean time per level.
                   A        B        C        D        E       F      G
               +--------+--------+--------+--------+--------+-----+--------+
         Total |   3325 |   2818 |    507 |    276 |   1766 |   4 |  831.2 |
       Dungeon |   3325 |   2818 |    507 |    276 |   1766 |   4 |  831.2 |
               +--------+--------+--------+--------+--------+-----+--------+

Top non-repeatable levels by time:
     D:2: 1151 daAuts
     D:1: 964 daAuts
     D:3: 787 daAuts
     D:4: 422 daAuts
